 Dungeon Crawl Stone Soup version 0.24.0-28-g17ded55e90 (webtiles) character file.

Game seed: 9381623961049774608, levelgen mode: deterministic

4596 grindst0ne the Blocker (level 10, -2/80 HPs)
             Began as a Mummy Fighter on Nov 11, 2019.
             Was an Initiate of Gozag.
             Killed from afar by Harold (9 damage)
             ... with a harpoon shot
             ... on level 8 of the Dungeon.
             The game lasted 00:21:37 (9547 turns).

grindst0ne the Blocker (Mummy Fighter)              Turns: 9547, Time: 00:21:38

Health: -2/80      AC: 15    Str: 22    XL:     10   Next: 19%
Magic:  10/10      EV:  3    Int:  8    God:    Gozag
Gold:   1623       SH:  0    Dex: 12    Spells: 9/9 levels left

rFire    . . .     SeeInvis .   o - +2 dagger (venom)
rCold    + . .     Gourm    .   c - +0 shield
rNeg     + + +     Faith    .   D - +0 plate armour
rPois    ∞         Spirit   .   w - +0 helmet
rElec    .         Reflect  .   j - +0 cloak
rCorr    +         Harm     .   B - +1 pair of gloves {archery}
MR       +....                  (no boots)
Stlth    ..........             k - amulet of magic regeneration
HPRegen  0.23/turn              e - ring of protection from fire
MPRegen  0.37/turn              z - ring of resist corrosion

@: held
A: no food or potions, fire vulnerability, cold resistance 1, negative energy
resistance 3, torment resistance, unbreathing
a: Potion Petition, Call Merchant, Bribe Branch, Renounce Religion


You were on level 8 of the Dungeon.
You worshipped Gozag.
Gozag was most pleased with you.
You were not hungry.

You visited 2 branches of the dungeon, and saw 9 of its levels.
You also visited: Sewer and Bailey.

You collected 1832 gold pieces.
You spent 165 gold pieces at shops.
You paid 44 gold pieces to Gozag.

Inventory:

Hand Weapons
 a - a +0 war axe
 b - the +3 spear of the Pillar {pierce, rPois MR+}
   (You found it on level 8 of the Dungeon)

   It inflicts extra damage upon your enemies.
   It protects you from poison.
   It affects your resistance to hostile enchantments.
 d - a +1 hand axe of flaming
 o - a +2 dagger of venom (weapon)
Missiles
 u - 5 javelins (quivered)
 C - 7 throwing nets
Armour
 c - a +0 shield (worn)
 h - a +0 chain mail
 j - a +0 cloak (worn)
 w - a +0 helmet (worn)
 B - a +1 pair of gloves of archery (worn)
 D - a +0 plate armour (worn)
Jewellery
 e - a ring of protection from fire (left hand)
 k - an amulet of magic regeneration (around neck)
 y - an uncursed ring of flight
 z - a ring of resist corrosion (right hand)
Wands
 m - a wand of enslavement (8)
 r - a wand of polymorph (3)
 s - a wand of flame (14)
 t - a wand of clouds (4)
 A - a wand of iceblast (4)
Scrolls
 f - 6 scrolls of amnesia
 g - 2 scrolls of remove curse
 i - 2 scrolls of magic mapping
 l - 2 scrolls of enchant weapon
 n - a scroll of teleportation
 p - a scroll of fear
 q - 3 scrolls of enchant armour
 v - a scroll of blinking
 x - 2 scrolls of fog


   Skills:
 + Level 8.1 Fighting
 + Level 6.4 Axes
 - Level 2.4 Armour
 * Level 9.3 Shields


You had 9 spell levels left.
You didn't know any spells.
Your spell library contained the following spells:

 Spells                   Type           Power        Failure   Level  Hunger
 Magic Dart               Conj           #...         100%        1    N/A
 Blink                    Tloc           N/A          100%        2    N/A
 Call Imp                 Summ           #.......     100%        2    N/A
 Slow                     Hex            #.......     100%        2    N/A
 Conjure Flame            Conj/Fire      #.......     100%        3    N/A
 Mephitic Cloud           Conj/Pois/Air  #.......     100%        3    N/A

Dungeon Overview and Level Annotations

Branches:
Dungeon (8/15)             Temple (1/1) D:5           Sewer (visited)
 Bailey (visited)
   Lair: D:8-11

Altars:
Ashenzari
Cheibriados
Dithmenos
Elyvilon
Fedhas
Gozag
Hepliaklqana
Kikubaaqudgha
Makhleb
Nemelex Xobeh
Okawaru
Qazlal
Ru
Sif Muna
Trog
Uskayaw
Vehumet
Wu Jian
Xom
Yredelemnul
Zin
The Shining One

Shops:
D:5 }   D:7 [

Annotations:
D:1 exclusion: downstairs
D:4 exclusion: downstairs
D:6 exclusion: downstairs
D:7 exclusion: downstairs
D:8 Harold, Psyche


Innate Abilities, Weirdness & Mutations

You do not eat or drink.
Your flesh is vulnerable to fire.
You are immune to poison.
Your flesh is cold resistant. (rC+)
You are immune to negative energy. (rN+++)
You are immune to unholy pain and torment.
You can survive without breathing.


Message History

You become entangled in the net!
You see here a throwing net.
You tear a large gash into the net.
You shred the net and break free! Psyche casts a spell at you.
The puff of flame hits you!
* * * LOW HITPOINT WARNING * * *
Harold throws a throwing net.
The throwing net hits you.
You become entangled in the net!
You see here a throwing net.
You tear a large gash into the net.
Psyche hits you but does no damage.
You are electrocuted!
* * * LOW HITPOINT WARNING * * *
You struggle against the net.
Psyche says, "I'll kill you and take you home."
Psyche looks braver for a moment.
Harold gestures at you while chanting. The harpoon shot hits you!
You die...
Your body crumbles into a pile of gold.

,.,,,,,,,,,,,,,,,,,,,,,,,,,,,**,*
.#,<,,**,,..#.**...,,,,....,,**,*
.#**,,,,,,....###.#####....,,**,,
.* *,,,,,,,#...............,,****
###*,,,,,,,#.........@.....,,*
..#*,,,,,,,*#............#****
#,**,,,,,***#............##**
#,##.....# #..............,* ***
#,,......# #...@@.(.#*****,***,,
####.....# #>###.........#,**,,*
#........* #.# #########.#,,,,**
#..##.#.#* #.# *,*,,,**,
#..<#.#.# #.# *****,*,,**,∩
##......#####.# *,,,,,*,,,**,
..............# *,*****,*,,**
#..)_...#######******,* *,,,,,*
#.......# *,,,,,,,,,* *****,,


You could see Harold and Psyche.

Vanquished Creatures
  A two-headed ogre (D:8)
  Prince Ribbit (D:6)
  Grinder (D:5)
  A spriggan (D:7)
  Sigmund (D:2)
  Duvessa (D:4)
  An orc warrior (D:7)
  A centaur (D:6)
  A big kobold (D:6)
  3 bullfrogs
  8 gnoll sergeants (Bailey)
  Dowan (D:4)
  3 scorpions
  6 killer bees
  2 crimson imps (D:7)
  2 bullfrog zombies
  A quasit (D:6)
  Crazy Yiuf (D:5)
  7 gnoll shamans
  6 hounds
  A centaur skeleton (D:5)
  6 orc priests
  A bullfrog skeleton (D:8)
  2 jellies
  An iguana (D:4)
  Ijyb (D:4)
  Natasha (thrice) (D:2)
  3 orc wizards (D:4)
  10 worker ants
  Terence (D:2)
  A hound zombie (D:5)
  A worker ant zombie (D:7)
  19 gnolls
  6 adders
  2 shadow imps
  An ooze (Sewer)
  An adder zombie (D:7)
  An adder skeleton (D:8)
  2 worms (D:2)
  3 dart slugs (D:1)
  7 leopard geckos
  26 orcs
  3 ball pythons
  8 bats
  8 giant cockroaches
  5 goblins
  11 hobgoblins
  4 jackals
  26 kobolds
  5 quokkas
  5 frilled lizards
  2 jackal skeletons
  7 rats
232 creatures vanquished.

Notes
Turn   | Place    | Note
-------+----------+-------------------------------------------
     0 | D:1      | grindst0ne the Mummy Fighter began the quest for the Orb.
     0 | D:1      | Reached XP level 1. HP: 18/18 MP: 1/1
   114 | D:1      | Found a sparkling altar of Nemelex Xobeh.
   168 | D:1      | Reached XP level 2. HP: 19/24 MP: 2/2
   507 | D:1      | Reached skill level 3 in Shields
   521 | D:1      | Reached XP level 3. HP: 29/29 MP: 3/3
  1247 | D:2      | Noticed Terence
  1256 | D:2      | Killed Terence
  1303 | D:2      | Reached XP level 4. HP: 25/35 MP: 4/4
  1381 | D:2      | Noticed Natasha
  1396 | D:2      | Killed Natasha
  1778 | D:2      | Noticed Sigmund
  2426 | D:4      | Reached XP level 5. HP: 27/42 MP: 5/5
  2467 | D:4      | Reached skill level 4 in Shields
  2544 | D:4      | Found a glowing drain.
  2572 | Sewer    | Entered a sewer
  2941 | D:4      | Reached XP level 6. HP: 43/48 MP: 6/6
  3037 | D:4      | Noticed Duvessa
  3039 | D:4      | Noticed Dowan
  3080 | D:4      | Killed Duvessa
  3100 | D:4      | Killed Dowan
  3374 | D:4      | Reached skill level 5 in Shields
  3377 | D:4      | Reached XP level 7. HP: 43/55 MP: 7/7
  3705 | D:2      | Noticed Natasha
  3714 | D:2      | Killed Natasha
  3790 | D:2      | Noticed Natasha
  3801 | D:2      | Killed Natasha
  3834 | D:2      | Killed Sigmund
  3834 | D:2      | Reached skill level 5 in Fighting
  3925 | D:5      | Entered Level 5 of the Dungeon
  4260 | D:5      | Noticed Ijyb
  4305 | D:5      | Found Ryl Qiar's Gadget Shop.
  4352 | D:5      | Found a burning altar of Makhleb.
  4511 | D:4      | Killed Ijyb
  4511 | D:4      | Reached skill level 6 in Shields
  4525 | D:5      | Reached XP level 8. HP: 46/63 MP: 8/8
  4883 | D:5      | Found a staircase to the Ecumenical Temple.
  4897 | Temple   | Entered the Ecumenical Temple
  4993 | Temple   | Became a worshipper of Gozag Ym Sagoz the Greedy
  5148 | D:5      | Noticed Grinder
  5173 | D:5      | Paralysed by Grinder for 3 turns
  5176 | D:5      | Killed Grinder
  5667 | D:5      | Found a runed translucent door.
  5668 | D:5      | Noticed Crazy Yiuf
  5703 | D:5      | Killed Crazy Yiuf
  6081 | D:6      | Reached skill level 7 in Shields
  6268 | D:6      | Noticed Prince Ribbit
  6289 | D:6      | Killed Prince Ribbit
  6289 | D:6      | Reached skill level 5 in Axes
  6663 | D:6      | Reached XP level 9. HP: 65/71 MP: 9/9
  6981 | D:6      | Found a shimmering altar of Xom.
  7403 | D:7      | Reached skill level 8 in Shields
  8067 | D:7      | Found Cyduhoam's Antique Armour Boutique.
  8104 | D:7      | Bought a pair of glowing gloves for 165 gold pieces
  8231 | D:8      | Found a flagged portal.
  8244 | Bailey   | Entered a bailey
  9083 | Bailey   | Reached skill level 9 in Shields
  9189 | Bailey   | Identified the cursed +1 flail of Moderation {vamp, +Blink
                  | rElec Int-2}
  9314 | D:8      | Got a fine spear
  9348 | D:8      | Noticed a two-headed ogre
  9381 | D:8      | Killed a two-headed ogre
  9381 | D:8      | Reached XP level 10. HP: 23/80 MP: 10/10
  9420 | D:8      | Identified the +3 spear of the Pillar {pierce, rPois MR+}
                  | (You found it on level 8 of the Dungeon)
  9429 | D:8      | Noticed a two-headed ogre
  9500 | D:8      | Found a shimmering altar of Xom.
  9539 | D:8      | Noticed Psyche
  9539 | D:8      | Noticed Harold
  9547 | D:8      | Killed from afar by Harold

Levels and vault maps discovered:
D:1:      denvon_arrival_planthouse, layout_basic, nemelex_altar_shiori
D:2:      layout_loops_ring, first_ration, uniq_natasha, uniq_terence,
          uniq_sigmund
D:3:      layout_rooms
D:4:      layout_loops_ring, portal_sewer_entry_f, uniq_duvessa
D:5:      layout_rooms, minmay_temple_entry_stoned_glass, serial_shops, shop,
          lemuel_statue_altar, uniq_crazy_yiuf_cottage, uniq_grinder, uniq_ijyb
D:6:      layout_loops_ring, lemuel_round_altar, uniq_prince_ribbit1
D:7:      layout_gridville, serial_shops, shop, the_bakery, item_on_display_a
D:8:      layout_basic, enter_ossuary_5, enter_bailey_2, basic_altar,
          uniq_pikel, uniq_harold, uniq_psyche
Temple:   roderic_octagonal_lattice_temple

Skill      XL: |  1  2  3  4  5  6  7  8  9 |
---------------+----------------------------+-----
Axes           | 2 3 4 5 6 |  6.4
Shields        | 3 4 5 6 7 9 |  9.3
Fighting       | 4 5 6 8 |  8.1
Armour         | |  2.4

Action                   |  1- 3 |  4- 6 |  7- 9 | 10-12 || total
-------------------------+-------+-------+-------+-------++-------
Melee: War axe           |   114 |   179 |    19 |       ||   312
       Dagger            |       |    81 |   720 |    38 ||   839
       Spear             |       |       |       |     5 ||     5
Throw: Javelin           |       |       |     9 |       ||     9
Evoke: Wand              |       |       |     5 |       ||     5
  Use: Scroll            |       |       |    11 |       ||    11
 Stab: Distracted        |       |       |     3 |       ||     3
Armor: Scale mail        |    57 |       |       |       ||    57
       Chain mail        |     4 |   139 |   276 |       ||   419
       Plate armour      |       |       |    12 |    24 ||    36
Dodge: Dodged            |    29 |    65 |   131 |     7 ||   232
Block: Shield            |    66 |   166 |   409 |    26 ||   667
